 Dungeon Crawl Stone Soup version 0.26-a0-690-gcb57259078 (webtiles) character file.

Game seed: 15557019448934754038

52 ANON1729 the Slasher (level 3, -3/26 HPs)
             Began as an Octopode Chaos Knight on Oct 24, 2020.
             Was a Plaything of Xom.
             Slain by a centaur (9 damage)
             ... on level 2 of the Dungeon.
             The game lasted 00:01:13 (911 turns).

ANON1729 the Slasher (Octopode Chaos Knight)         Turns: 911, Time: 00:01:14

Health: -3/26      AC:  1    Str: 12    XL:     3   Next: 85%
Magic:  3/3        EV: 14    Int: 14    God:    Xom [..*...]
Gold:   165        SH:  0    Dex: 11    Spells: 2/2 levels left

rFire    . . .     SeeInvis .   a - +0 falchion (chaos)
rCold    . . .     Faith    .   (no shield)
rNeg     . . .     Spirit   .   (helmet restricted)
rPois    .         Reflect  .   (no amulet)
rElec    .         Harm     .   k - ring of teleportation (curse)
rCorr    .         Rampage  .   (no ring)
MR       .....     Rnd*Tele +   (no ring)
Stlth    ++........             (no ring)
HPRegen  0.08/turn              (no ring)
MPRegen  0.08/turn              (no ring)
                                (no ring)
                                (no ring)

@: no status effects
A: almost no armour, stealthy swim, amphibious, 8 rings, constrict 8, camouflage
1, gelatinous body 1
a: Renounce Religion


You were on level 2 of the Dungeon.
You worshipped Xom.
You were a toy of Xom.
You visited 1 branch of the dungeon, and saw 2 of its levels.

You collected 165 gold pieces.

Inventory:

Hand Weapons
 a - a +0 falchion of chaos (weapon)
Jewellery
 k - a cursed ring of teleportation (left tentacle)
Scrolls
 d - 2 scrolls of identify {unknown}
 g - a scroll of blinking {unknown}
 i - 3 scrolls of enchant weapon {unknown}
 j - a scroll of teleportation {unknown}
 m - a scroll of remove curse {unknown}
Potions
 b - a potion of might {unknown}
 c - a potion of haste {unknown}
 h - a potion of degeneration {unknown}


   Skills:
 + Level 3.5 Fighting
 + Level 3.6 Long Blades
 + Level 3.1 Dodging


You had 2 spell levels left.
You didn't know any spells.
Your spell library was empty.

Dungeon Overview and Level Annotations

Branches:
Dungeon (2/15)

Altars:


Innate Abilities, Weirdness & Mutations

You cannot wear most types of armour.
You are very stealthy in the water. (Stealth+)
You are amphibious.
You can wear up to eight rings at the same time.
You can use your tentacles to constrict eight enemies at once.
Your skin changes colour to match your surroundings (Stealth+).
Your rubbery body absorbs attacks. (AC +1, EV +1)


Message History

* * * LOW HITPOINT WARNING * * *
The bat completely misses your butterfly.
It was a potion of ambrosia.
You are confused.
You feel invigorated.
Xom thinks this is hilarious!
The centaur hits you.
* * * LOW HITPOINT WARNING * * *
The bat misses you. The centaur closely misses you.
It was a potion of brilliance.
You feel clever all of a sudden. The bat hits you but does no damage.
The centaur hits you!
* * * LOW HITPOINT WARNING * * *
It was a potion of cancellation.
Your magical effects are unravelling.
You feel magically purged.
You feel less invigorated.
You feel less confused.
You feel a little less clever now. The centaur hits you!
You die...
Xom thinks this is hilarious!

#.#.# #.#.# ##.#.#
#....# #..### #..# #..#
### ########..# ##
....#@§...##..# #.
......cb§(......# ####.#
.....b..b.....#.###.....
......)..=..............
..............#.###.....
..............#.###.....
........................
..............#.###.....
...........##.# #.>...


You could see a centaur and a bat.

Vanquished Creatures
  A gnoll (D:1)
  An ooze (D:1)
  10 bats
  2 giant cockroaches (D:1)
  8 goblins
  4 hobgoblins
  A jackal (D:1)
  A frilled lizard (D:2)
  3 kobolds (D:1)
  4 rats
35 creatures vanquished.

Notes
Turn   | Place    | Note
-------+----------+-------------------------------------------
     0 | D:1      | ANON1729 the Octopode Chaos Knight began the quest for the
                  | Orb.
     0 | D:1      | Reached XP level 1. HP: 16/16 MP: 1/1
    18 | D:1      | Reached XP level 2. HP: 21/21 MP: 2/2
   236 | D:1      | Reached XP level 3. HP: 24/26 MP: 3/3
   538 | D:1      | XOM: silly message
   628 | D:1      | XOM: silly message
   902 | D:2      | Noticed a centaur
   904 | D:2      | XOM: butterfly on damage
   906 | D:2      | XOM: smoke on damage
   911 | D:2      | Slain by a centaur

Illustrated notes

Levels and vault maps discovered:
D:1:      saegor_arrival_simple_b, layout_rooms, minmay_distorted
D:2:      layout_rooms, kennysheep_generic_room_11

Skill      XL: |  1  2  3 |
---------------+----------+-----
Dodging        | 3 |  3.1
Fighting       | |  3.5
Long Blades    | |  3.6

Action                   || total
-------------------------++-------
Melee: Tentacles         ||    13
       Falchion          ||    57
       Constrict         ||    18
  Use: Potion            ||     3
 Stab: Sleeping          ||     3
       Paralysed         ||     1
Armor: Skin              ||     6
Dodge: Dodged            ||    58
       Rpst.: Falchion   ||    21

Table legend: (Time is in decaauts)
 A = Elapsed time spent in this place.
 B = Non-inter-level travel time spent in this place.
 C = Inter-level travel time spent in this place.
 D = Time resting spent in this place.
 E = Time spent auto-exploring this place.
 F = Levels seen in this place.
 G = Mean time per level.
                   A        B        C        D        E       F      G
               +--------+--------+--------+--------+--------+-----+--------+
         Total |    917 |    893 |     24 |      0 |    704 |   2 |  458.5 |
       Dungeon |    917 |    893 |     24 |      0 |    704 |   2 |  458.5 |
               +--------+--------+--------+--------+--------+-----+--------+

Top non-repeatable levels by time:
     D:1: 767 daAuts
     D:2: 149 daAuts
